 Dungeon Crawl Stone Soup version 0.25-a0-265-g7af84ae0ac (webtiles) character file.

Game seed: 943364236115054520, levelgen mode: deterministic

11 floatRand the Skirmisher (level 2, 0/24 HPs)
             Began as a Demonspawn Fighter on Dec 7, 2019.
             Succumbed to a kobold's poison
             ... on level 1 of the Dungeon.
             The game lasted 00:00:28 (205 turns).

floatRand the Skirmisher (Demonspawn Fighter)        Turns: 205, Time: 00:00:29

Health: 0/24       AC: 12    Str: 16    XL:     2   Next: 17%
Magic:  2/2        EV:  6    Int: 14    God:
Gold:   0          SH:  8    Dex: 12    Spells: 1/1 levels left

rFire    . . .     SeeInvis .   a - +0 trident
rCold    . . .     Gourm    .   c - +0 shield
rNeg     . . .     Faith    .   b - +0 scale mail
rPois    .         Spirit   .   (no helmet)
rElec    .         Reflect  .   (no cloak)
rCorr    .         Harm     .   (no gloves)
MR       .....                  (no boots)
Stlth    ..........             (no amulet)
HPRegen  0.08/turn              (no ring)
MPRegen  0.08/turn              (no ring)

@: brilliant, lethally poisoned (0 -> -2), sanguine armour
A: sanguine armour 1
a: no special abilities


You were on level 1 of the Dungeon.
You were not hungry.

You visited 1 branch of the dungeon, and saw 1 of its levels.

Inventory:

Hand Weapons
 a - a +0 trident (weapon)
 i - a +0 whip of venom
Armour
 b - a +0 scale mail (worn)
 c - a +0 shield (worn)
Scrolls
 e - a scroll of identify {unknown}
 h - a scroll of enchant armour {unknown}
Potions
 d - a potion of might
Comestibles
 f - a ration
 g - 4 chunks of flesh


   Skills:
 - Level 3.0 Fighting
 + Level 2.2 Polearms
 - Level 2.6 Armour
 + Level 3.0 Shields


You had one spell level left.
You didn't know any spells.
Your spell library was empty.

Dungeon Overview and Level Annotations

Branches:
Dungeon (1/15)

Altars:


Innate Abilities, Weirdness & Mutations

When seriously injured, your bleeding wounds create armour. (AC +6)


Message History

You see here a stone.
The kobold throws a stone.
You block the stone.
You see here a stone.
The goblin barely misses you.
You hit the goblin.
The goblin is moderately wounded.
* * * LOW HITPOINT WARNING * * *
You feel sick. The goblin hits you but does no damage.
Unknown command.
You hit the goblin.
You kill the goblin!
You block the kobold's attack.
You barely miss the kobold.
* * * LOW HITPOINT WARNING * * *
You feel sick. You block the kobold's attack.
You hit the kobold.
You kill the kobold!
Things that are here:
a +0 club; 2 stones; a kobold corpse You die...

#...# #...# #...#
#.### ####
####+##.# ...#
........#####...#
........(.......#
......)..(......#
..........(.@...#
................#
#######...).....#
#.........#
#.........#
#.........#
###########


There were no monsters in sight!

Vanquished Creatures
  A leopard gecko (D:1)
  3 bats (D:1)
  A goblin (D:1)
  3 kobolds (D:1)
  A frilled lizard (D:1)
  2 rats (D:1)
11 creatures vanquished.

Notes
Turn   | Place    | Note
-------+----------+-------------------------------------------
     0 | D:1      | floatRand the Demonspawn Fighter began the quest for the
                  | Orb.
     0 | D:1      | Reached XP level 1. HP: 18/18 MP: 1/1
   164 | D:1      | Gained mutation: When seriously injured, your bleeding
                  | wounds create armour. (AC +6) [demonic ancestry]
   164 | D:1      | Reached XP level 2. HP: 23/24 MP: 2/2
   201 | D:1      | HP: 1/24 [poisoned by a kobold]
   205 | D:1      | Succumbed to a kobold's poison

Levels and vault maps discovered:
D:1:      minmay_arrival_cross, layout_basic, serial_forest,
          infiniplex_forest_straight_3, infiniplex_forest_clump_double,
          infiniplex_forest_clump_small, infiniplex_forest_clump_tiny,
          infiniplex_forest_clump_cross

Skill      XL: |  1 |
---------------+----+-----
Polearms       | 2 |  2.2
Shields        | 3 |  3.0
Fighting       | |  3.0
Armour         | |  2.6

Action                   || total
-------------------------++-------
Melee: Trident           ||    46
  Use: Potion            ||     1
Armor: Scale mail        ||    22
Dodge: Dodged            ||    13
Block: Shield            ||    23

Table legend:
 A = Non-vault XP
 B = Vault XP
 C = Vault XP percentage of total XP
 D = Non-vault monster count
 E = Vault monster count
 F = Vault count percentage of total count
                 A         B        C        D         E       F
            +---------+---------+-------+---------+---------+-------
      Total |      17 |       0 |   0.0 |      11 |       0 |   0.0
            +---------+---------+-------+---------+---------+-------
        D:1 |      17 |       0 |   0.0 |      11 |       0 |   0.0
            +---------+---------+-------+---------+---------+-------
